AoeStats
← teccojc

Arabia

510357279Analyzed
1v1 RM · 2d ago on Sep 30, 2026· 53m 28s· 2 players
Game mode
Random Map
Map size
Tiny (2 player)
Population
200
Speed
Normal
Resources
Standard
Victory
Conquest
Starting age
Dark Age
Ending age
Imperial Age
RankedLock teamsTeams togetherTeam positionsShared explorationLock speedFull tech treeHidden civsTurbo modeCheats
Victory
Defeat
🇹🇷 Turks · Türkiye
974
+16
🇦🇷 Ethiopians · Argentina
966
-16
teccojc
4:53 Loom
10:01 Feudal Age
10:52 Man-at-Arms
18:26 Castle Age
21:52 Husbandry
22:04 Scale Barding Armor
28:40 Forging
31:56 Squires
34:00 Double-Bit Axe
34:40 Scale Mail Armor
35:12 Arson
36:33 Chain Mail Armor
36:45 Crossbowman
41:32 Imperial Age
39:33 Thumb Ring
39:22 Fletching
39:33 Padded Archer Armor
40:35 Horse Collar
42:19 Ballistics
42:45 Plate Mail Armor
41:48 Elite Shotel Warrior
43:19 Iron Casting
45:57 Leather Archer Armor
45:38 Bodkin Arrow
45:54 Town Watch
46:45 Wheelbarrow
48:01 Chemistry
47:40 Cavalier
54:20 Blast Furnace
52:56 Elite Skirmisher
appleadam
6:04 Loom
9:40 Feudal Age
10:14 Double-Bit Axe
22:32 Castle Age
20:53 Gold Mining
20:46 Horse Collar
21:51 Bloodlines
22:49 Scale Barding Armor
22:55 Forging
23:18 Husbandry
25:23 Iron Casting
26:16 Squires
33:46 Wheelbarrow
34:28 Scale Mail Armor
34:48 Chain Barding Armor
35:42 Gold Shaft Mining
34:58 Stone Mining
36:56 Hand Cart
37:28 Chain Mail Armor
41:23 Bow Saw
44:34 Imperial Age
42:26 Treadmill Crane
43:06 Ballistics
42:59 Masonry
45:20 Elite Janissary
46:04 Artillery
46:25 Conscription
47:11 Blast Furnace
46:46 Plate Barding Armor
46:42 Plate Mail Armor
46:27 Padded Archer Armor
50:03 Cavalier
Connection lost

Rejoining the realm…

Still unreachable

The connection could not be restored.

Session expired

The server has moved on; the page needs a fresh start.